 Dungeon Crawl Stone Soup version 0.31.0-32-g396128a36d (webtiles) character file.

Game seed: 7914375302404074282

711 miket3c the Chopper (level 7, -11/61 HPs)
             Began as a Minotaur Fighter on Apr 15, 2024.
             Was an Initiate of Okawaru.
             Mangled by an ogre
             ... wielding a +0 giant club
              (16 damage)
             ... on level 5 of the Dungeon.
             The game lasted 00:07:04 (4203 turns).

miket3c the Chopper (Minotaur Fighter)              Turns: 4203, Time: 00:07:05

Health: -11/61     AC: 10    Str: 23    XL:     7   Next: 40%
Magic:  6/6        EV:  8    Int:  5    God:    Okawaru [......]
Gold:   288        SH:  5    Dex:  9    Spells: 6/6 levels left

rFire   . . .        a - +0 war axe
rCold   . . .        c - +0 buckler
rNeg    . . .        e - +0 chain mail
rPois   .            (helmet restricted)
rElec   .            m - scarf {repulsion}
rCorr   .            (no gloves)
SInv    .            (no boots)
Will    .....        (no amulet) Stlth
                     (no ring)
HPRegen 0.30/turn    (no ring)
MPRegen 0.10/turn

%: repel missiles
@: no status effects
A: horns 2, retaliatory headbutt
a: Renounce Religion


You were on level 5 of the Dungeon.
You worshipped Okawaru.
Okawaru was noncommittal.
You visited 1 branch of the dungeon, and saw 5 of its levels.
You also visited: Ossuary.

You collected 288 gold pieces.

Inventory:

Hand Weapons
 a - a +0 war axe (weapon)
Armour
 c - a +0 buckler (worn)
 e - a +0 chain mail (worn)
 m - a scarf of repulsion (worn)
Jewellery
 b - a ring of flight
Wands
 q - a wand of acid (9)
Scrolls
 d - a scroll of identify
 i - a scroll of revelation
 j - 2 scrolls of vulnerability
 k - a scroll of blinking
 l - 3 scrolls of teleportation
 o - a scroll of amnesia
 p - 6 scrolls of noise
 s - a scroll of poison
 w - a scroll of fog
Potions
 f - a potion of heal wounds
 g - 2 potions of haste {unknown}
 h - 3 potions of curing
 n - 10 potions of degeneration
 r - a potion of enlightenment
 t - a potion of cancellation
 u - a potion of lignification
 v - a potion of mutation
 x - a potion of berserk rage {unknown}


   Skills:
 + Level 5.6 Fighting
 * Level 6.5 Axes
 + Level 5.6 Armour
 + Level 5.6 Shields
 + Level 1.0 Invocations


You had 6 spell levels left.
You didn't know any spells.
Your spell library contained the following spells:

 Spells                   Type           Power      Damage    Failure   Level
 Necrotise                Necr           0%         1d4       98%         1
 Gell's Gravitas          Tloc           0%         N/A       100%        3
 Teleport Other           Tloc           0%         N/A       100%        3
 Vampiric Draining        Necr           0%         2d6       100%        3
 Curse of Agony           Necr           0%         N/A       100%        5
 Dispersal                Tloc           0%         N/A       100%        6
 Martyr's Knell           Necr/Summ      Unusable   N/A       N/A         4

Dungeon Overview and Level Annotations

Branches:
Dungeon (5/15)            Ossuary (visited)
 Temple: D:4-7

Altars:
Cheibriados
Okawaru
Trog
Xom

Shops:
D:2 [


Innate Abilities, Weirdness & Mutations

You have a pair of horns on your head.
You reflexively headbutt those who attack you in melee.


Message History

Things that are here:
a +0 spear; a gnoll corpse A gnoll bouda comes into view.
It is wielding a +0 club.
The gnoll bouda shouts!
An adder comes into view.
The gnoll attacks as it pursues you! The gnoll hits you with a +0 club.
The gnoll bouda barks out a call to the hunt!
The gnolls pick up the pace!
The adder attacks as it pursues you! The adder closely misses you.
You furiously retaliate!
You headbutt the adder!
You kill the adder!
Okawaru accepts your kill.
Your Invocations skill increases to level 1!
You block the gnoll's attack.
You see here an adder corpse.
You slash the gnoll!
You kill the gnoll!
Okawaru accepts your kill.
You slash the ogre! The gnoll barely misses you. You block the ogre's attack.
The gnoll closely misses you. The ogre hits you with a +0 giant club!
Things that are here:
a +0 club; a gnoll corpse You block the gnoll's attack.
You see here an adder corpse.
The gnoll hits you but does no damage. The ogre attacks as it pursues you!
The ogre misses you.
You barely miss the ogre.
The ogre is moderately wounded.
The ogre hits you with a +0 giant club!!
* * * LOW HITPOINT WARNING * * *
You slash the ogre!
The ogre is severely wounded.
The gnoll barely misses you.
You barely miss the ogre. You headbutt the ogre.
The ogre is severely wounded.
You block the ogre's attack. The gnoll hits you but does no damage.
You hit the ogre. You headbutt the ogre.
The ogre is almost dead.
You block the gnoll's attack. The ogre hits you with a +0 giant club!
You die...

#.##.........####......#
##. ......##.#.###
#......# . #...##....#
####......# .
..#......#####.........#
#
.....#.................#
.##...g)..........##.##
.....###†#####.###......
..##. ##g####..#
####.#.. #..g#@†.##
....# #.ggO.### ###
#....## #....# #...##
#...# #...# #..(# #...#


You could see an ogre, a gnoll bouda and a gnoll (swift).

Vanquished Creatures
  A phantom (D:3)
  A weeping skull (Ossuary)
  A scorpion (D:5)
  A burial acolyte (Ossuary)
  A hound (D:3)
  4 orc priests
  A centaur zombie (Ossuary)
  An iguana (D:5)
  2 orc wizards
  2 mummies (Ossuary)
  2 gnolls (D:5)
  6 adders
  A shadow imp (D:5)
  2 ufetubi (D:5)
  3 dart slugs
  2 ribbon worms (D:4)
  9 orcs
  2 endoplasms
  3 giant cockroaches
  7 goblins
  5 hobgoblins
  7 kobolds
  3 quokkas
  10 ball pythons
  3 bats
  A frilled lizard (D:2)
  7 kobold zombies (Ossuary)
  4 rats (D:1)
92 creatures vanquished.

Notes
Turn   | Place    | Note
-------+----------+-------------------------------------------
     0 | D:1      | miket3c the Minotaur Fighter began the quest for the Orb.
     0 | D:1      | Reached XP level 1. HP: 19/19 MP: 0/0
   140 | D:1      | Found a faded altar of an unknown god.
   178 | D:1      | Reached XP level 2. HP: 27/27 MP: 1/1
   354 | D:1      | Reached skill level 3 in Axes
   681 | D:2      | Reached XP level 3. HP: 15/32 MP: 2/2
   974 | D:2      | Identified the +0 ring mail of Hiseunn {Int+3 Slay+3}
  1115 | D:2      | Found Olickufu's Armour Boutique.
  1390 | D:3      | Noticed a phantom
  1406 | D:3      | Killed a phantom
  1407 | D:3      | Reached skill level 4 in Axes
  1407 | D:3      | Reached XP level 4. HP: 35/41 MP: 3/3
  1407 | D:3      | Reached XP level 5. HP: 40/47 MP: 4/4
  1461 | D:3      | Found a shimmering altar of Xom.
  1463 | D:3      | Found a shimmering altar of Xom.
  1465 | D:3      | Found a shimmering altar of Xom.
  1465 | D:3      | Found a shimmering altar of Xom.
  1476 | D:3      | Found a shimmering altar of Xom.
  1956 | D:3      | Reached skill level 5 in Axes
  2472 | D:3      | Reached XP level 6. HP: 55/55 MP: 5/5
  2707 | D:4      | Reached skill level 5 in Fighting
  2954 | D:4      | Found an iron altar of Okawaru.
  2965 | D:4      | Became a worshipper of Warmaster Okawaru
  3052 | D:4      | Found a bloodstained altar of Trog.
  3075 | D:4      | Reached skill level 5 in Shields
  3127 | D:4      | Found a snail-covered altar of Cheibriados.
  3234 | D:4      | Found a sand-covered staircase.
  3239 | Ossuary  | Entered an ossuary
  3286 | Ossuary  | Reached skill level 5 in Armour
  3531 | Ossuary  | Reached skill level 6 in Axes
  3782 | D:5      | Entered Level 5 of the Dungeon
  3784 | D:5      | Reached XP level 7. HP: 50/61 MP: 6/6
  4192 | D:5      | Reached skill level 1 in Invocations
  4203 | D:5      | Mangled by an ogre

Illustrated notes

Levels and vault maps discovered:
D:1:      scummos_arrival_checkerplants, layout_basic,
          chequers_ecumenical_altar_island
D:2:      layout_loops_ring, serial_shops, shop
D:3:      layout_basic, xom_redecorated
D:4:      layout_loops_cross, chei_slow_surprise, kennysheep_okawaru_gauntlet,
          mainiacjoe_overflow_boulevard, lightli_ossuary_entry_decrepit_ruins
D:5:      layout_rooms, mainiacjoe_overflow_alcove_2,
          minmay_temple_entry_statues

Skill      XL: |  1  2  3  4  5  6  7 |
---------------+----------------------+-----
Axes           | 3 4 5 6 |  6.5
Shields        | 4 5 |  5.6
Armour         | 4 5 |  5.6
Fighting       | 4 5 |  5.6
Invocations    | 1 |  1.0

Action                     |  1- 3 |  4- 6 |  7- 9 || total
---------------------------+-------+-------+-------++-------
  Melee: War axe           |    87 |   145 |    32 ||   264
         Headbutt          |    11 |    16 |     6 ||    33
    Use: Scroll            |       |    12 |       ||    12
         Potion            |       |     1 |       ||     1
 Armour: Chain mail        |    83 |   120 |    43 ||   246
         Scale mail        |     2 |       |       ||     2
  Dodge: Dodged            |    34 |    46 |    20 ||   100
         Repelled          |       |     2 |       ||     2
  Block: Buckler           |    16 |    19 |    13 ||    48
